Map: Overgrown Facility

Players

PureLegacy - Winner!

  • Race: Terran Terran
  • Spawn Location: 7:00

NoReflex - Winner!

  • Race: Zerg Zerg
  • Spawn Location: 9:00

HellisH

  • Race: Terran Terran
  • Spawn Location: 1:00

qualmy

  • Race: Terran Terran
  • Spawn Location: 3:00

VOD

Have the link to the VOD?

Description

Time

  • Played on: Dec. 2, 2018, 11:41 p.m.
  • Length: 11:50
Show
View Real Time Build Order
Export as new Build Order

PureLegacy Terran - Winner!

Build Orders: Reaper Expand 

Get SALT Encoding   

  12  0:00  SCV  
  13  0:13  SCV  
  14  0:18  Supply Depot  
  14  0:25  SCV  
  15  0:39  SCV  
  15  0:41  Barracks  
  16  0:47  Refinery  
  16  0:51  SCV  
  17  1:04  SCV  
  18  1:16  SCV  
  19  1:30  Reaper, Orbital Command  
  20  1:47  Command Center  
  20  1:57  SCV  
  21  2:02  Barracks Reactor  
  21  2:04  Supply Depot  
  21  2:09  SCV  
  22  2:15  Barracks  
  22  2:20  Barracks  
  22  2:24  SCV  
  23  2:33  Supply Depot  
  23  2:36  SCV  
  24  2:40  Marine x2  
  26  2:48  SCV  
  27  2:56  Refinery  
  27  3:01  Marine x2, Orbital Command  
  27  3:03  SCV  
  27  3:04  Barracks Tech Lab  
  30  3:10  Marine  
  31  3:15  SCV  
  31  3:19  Marine x2  
  33  3:23  Marine, Stimpack  
  34  3:27  SCV x2  
  34  3:32  Marine  
  37  3:39  Marine x2, SCV  
  37  3:40  SCV  
  41  3:45  Factory  
  41  3:51  SCV  
  41  3:52  SCV  
  41  3:54  Marine x2  
  45  3:58  Supply Depot  
  45  4:03  SCV  
  45  4:04  SCV  
  48  4:15  SCV  
  48  4:16  SCV  
  49  4:26  Command Center  
  49  4:28  SCV  
  49  4:29  Marine x2  
  49  4:30  Marine  
  47  4:42  Marine  
  47  4:43  SCV x2  
  47  4:44  Starport  
  47  4:45  Factory Reactor  
  49  4:50  Supply Depot, Barracks Reactor  
  49  4:52  Barracks Tech Lab  
  49  4:53  Marine x2  
  49  4:55  SCV  
  49  4:56  SCV  
  53  5:02  Engineering Bay x2  
  53  5:04  Marine  
  54  5:08  SCV x2  
  54  5:11  Marauder  
  58  5:22  SCV  
  58  5:23  Refinery, Barracks, SCV  
  58  5:24  Refinery  
  58  5:25  Barracks  
  58  5:27  Concussive Shells, Combat Shield  
  60  5:34  Medivac x2  
  64  5:36  SCV x2  
  66  5:48  SCV  
  65  5:50  Marine x2  
  65  5:51  Marine x2  
  64  6:02  SCV x2  
  58  6:08  Marine x3  
  64  6:15  Barracks Reactor, Barracks Tech Lab  
  64  6:16  SCV x2, Orbital Command  
  66  6:19  Marauder  
  66  6:23  Terran Infantry Armor Level 1, Terran Infantry Weapons Level 1  
  64  6:28  SCV x2  
  64  6:31  Supply Depot, Marauder, Barracks  
  64  6:32  Barracks, Supply Depot  
  68  6:33  Marine x2  
  68  6:38  Marauder  
  72  6:40  SCV  
  72  6:41  SCV  
  72  6:44  SCV  
  72  6:45  Marauder  
  77  6:53  Sensor Tower, SCV x2  
  79  6:56  Supply Depot, SCV  
  79  6:58  Armory  
  79  7:00  Marauder  
  79  7:01  Marauder  
  84  7:05  Marine x2, SCV x2  
  84  7:08  SCV  
  89  7:13  Medivac x2  
  89  7:14  Marine x2  
  94  7:22  Marine x3  
  95  7:23  Marine  
  94  7:33  Marine x2, Marauder  
  85  7:40  SCV  
  85  7:41  SCV, Marauder  
  82  7:44  Command Center  
  82  7:48  Marine x3  
  76  7:52  Medivac x2, Marine  
  76  7:53  Marine  
  80  8:13  Marine x5  
  86  8:20  Marauder  
  86  8:22  Medivac x2  
  84  8:32  Supply Depot x2  
  84  8:33  Supply Depot  
  84  8:35  Armory, Supply Depot x2, Barracks Tech Lab  
  84  8:36  Supply Depot, Barracks Tech Lab, Marauder  
  86  8:53  Medivac x2, Marine x2  
  86  8:54  Marauder x2  
  96  8:56  Marauder x2  
  96  8:58  Marauder  
  96  8:59  Terran Infantry Weapons Level 2, Terran Infantry Armor Level 2, Orbital Command  
  102  9:05  Supply Depot  
  102  9:15  Marauder  
  65  9:32  Medivac x2  
  65  9:36  Marine x2  
  65  9:37  Marine, Marauder x2  
  76  9:51  Marine x2  
  78  9:53  SCV  
  78  9:54  Marine x2  
  78  9:55  Marauder  
  78  9:59  Marine, Marauder  
  86  10:02  Medivac x2  
  90  10:08  Barracks  
  90  10:09  Barracks, Marine, Marauder  
  90  10:10  Barracks  
  90  10:11  Barracks  
  90  10:12  Marine x2  
  90  10:13  Barracks  
  95  10:16  Marauder  
  95  10:17  Marauder  
  99  10:22  Marine  
  99  10:27  Marauder  
  102  10:30  Marine x2, Orbital Command  
  102  10:31  Marauder  
  102  10:32  Medivac x2  
  102  10:33  SCV  
  102  10:35  SCV  
  112  10:38  Marine, Marauder  
  112  10:40  Marauder  
  117  10:47  Marine  
  117  10:48  Marine  
  117  10:49  Marauder  
  118  10:52  Supply Depot x2, Marine  
  118  10:54  Supply Depot  
  118  10:56  Marauder  
  121  10:59  Marauder  
  121  11:01  Marine  
  121  11:02  Medivac x2, Sensor Tower  
  128  11:05  Marine  
  128  11:06  Marine  
  128  11:10  Marauder x2  
  134  11:12  Barracks Tech Lab x2  
  134  11:13  Barracks Reactor x3  
  134  11:18  Marauder  
  139  11:21  Marine x2  
  138  11:27  Supply Depot  
  138  11:29  Supply Depot  
  138  11:30  Marine x3  
  138  11:31  Marine  
Show
View Real Time Build Order
Export as new Build Order

NoReflex Zerg - Winner!

Build Orders: Hatch First 

Get SALT Encoding   

  12  0:02  Drone  
  13  0:08  Drone  
  14  0:17  Overlord  
  14  0:24  Drone, Extractor  
  15  0:35  Drone  
  15  0:36  Drone  
  17  0:45  Drone  
  18  1:00  Hatchery  
  17  1:11  Spawning Pool  
  16  1:20  Drone, Extractor  
  16  1:21  Drone, Extractor  
  16  1:25  Drone  
  17  1:33  Drone  
  18  1:42  Drone  
  19  1:52  Overlord  
  19  2:08  Queen  
  21  2:11  Queen  
  21  2:13  Drone x2  
  21  2:15  Drone  
  26  2:26  Roach Warren  
  26  2:29  Drone  
  26  2:34  Drone  
  26  2:36  Drone  
  28  2:39  Drone  
  29  2:50  Drone  
  29  2:51  Drone  
  31  3:01  Drone x2  
  35  3:07  Overlord x2  
  33  3:16  Roach  
  35  3:31  Hatchery  
  36  3:34  Roach x2  
  36  3:35  Roach x2  
  36  3:38  Roach  
  36  3:41  Roach  
  46  3:44  Roach  
  48  3:57  Drone x3  
  48  3:58  Drone  
  48  4:02  Lair  
  52  4:13  Spore Crawler  
  52  4:14  Drone  
  52  4:16  Overlord  
  50  4:30  Roach  
  50  4:45  Drone x4  
  52  4:46  Drone x2  
  52  4:49  Queen  
  58  5:01  Drone x5  
  55  5:16  Roach  
  55  5:17  Roach x3  
  59  5:21  Glial Reconstitution  
  59  5:25  Hydralisk Den  
  58  5:29  Evolution Chamber  
  58  5:32  Evolution Chamber  
  54  5:37  Drone x9  
  54  5:41  Extractor  
  62  5:43  Overlord x2, Extractor  
  61  5:59  Roach x2  
  61  6:03  Roach x4  
  73  6:16  Overlord x5  
  71  6:19  Hydralisk  
  71  6:21  Overlord  
  71  6:22  Grooved Spines  
  73  6:40  Hydralisk x2  
  73  6:42  Roach, Overlord  
  79  6:49  Extractor  
  79  6:50  Extractor  
  79  6:51  Spine Crawler  
  79  6:53  Spine Crawler  
  75  7:00  Roach x5  
  75  7:01  Roach x3  
  89  7:03  Roach  
  89  7:05  Roach  
  91  7:22  Hydralisk  
  91  7:23  Hydralisk x3  
  91  7:26  Zergling x6  
  102  7:33  Muscular Augments  
  100  7:50  Nydus Network  
  48  8:14  Hydralisk  
  48  8:15  Hydralisk x2  
  48  8:19  Hydralisk  
  55  8:20  Hydralisk x2  
  55  8:21  Hydralisk x3  
  67  8:43  Hydralisk  
  67  8:44  Hydralisk x5  
  67  8:48  Hydralisk x3  
  85  9:06  Hydralisk x2  
  85  9:07  Hydralisk x3  
  85  9:09  Hydralisk  
  46  11:01  Drone  
  46  11:02  Drone x6  
Show
View Real Time Build Order
Export as new Build Order

HellisH Terran 

Build Orders:  

Get SALT Encoding   

  12  0:00  SCV  
  13  0:13  SCV  
  14  0:18  Supply Depot  
  14  0:25  SCV  
  15  0:31  Refinery  
  15  0:40  SCV  
  16  0:47  Barracks  
  16  0:52  SCV  
  17  0:59  Refinery  
  17  1:04  SCV  
  18  1:17  SCV  
  19  1:34  Supply Depot, Marine  
  19  1:39  Factory  
  20  1:41  SCV  
  21  1:52  Marine  
  22  1:58  Orbital Command  
  22  2:10  Marine  
  23  2:23  Factory Tech Lab  
  23  2:25  Factory  
  23  2:28  Marine  
  24  2:34  SCV  
  25  2:38  Supply Depot  
  25  2:47  Siege Tank  
  28  2:56  Marine  
  29  3:11  Factory Reactor  
  29  3:14  SCV  
  29  3:16  Supply Depot  
  29  3:19  Siege Tank  
  34  3:30  SCV  
  34  3:46  Command Center  
  34  4:00  Siege Tank  
  37  4:05  Starport  
  37  4:06  Barracks Reactor  
  37  4:10  SCV  
  37  4:11  Engineering Bay  
  38  4:22  SCV  
  34  4:43  Siege Tank  
  34  4:44  Hellion x2  
  38  4:49  SCV  
  39  4:54  Supply Depot  
  39  4:56  Viking  
  41  5:01  SCV  
  42  5:15  Siege Tank  
  42  5:20  Supply Depot  
  45  5:21  Orbital Command  
  45  5:24  SCV  
  46  5:30  Missile Turret  
  46  5:35  Viking  
  48  5:44  SCV  
  48  5:47  SCV  
  50  5:56  SCV  
  51  5:57  Siege Tank  
  51  5:59  Hellion, SCV  
  51  6:01  Supply Depot  
  57  6:08  SCV  
  57  6:11  Viking, SCV  
  60  6:13  Viking  
  60  6:17  Hellion  
  65  6:28  SCV  
  65  6:29  SCV  
  65  6:32  Refinery x2  
  67  6:41  Viking  
  67  6:43  Viking  
  71  6:49  Siege Tank  
  71  6:50  Hellion  
  71  6:51  SCV  
  77  7:00  SCV  
  78  7:03  SCV  
  78  7:07  Supply Depot  
  79  7:11  Viking  
  79  7:12  SCV  
  79  7:15  SCV  
  83  7:16  Hellion  
  85  7:24  SCV  
  85  7:28  Siege Tank  
  89  7:30  Supply Depot  
  89  7:35  Hellion  
  89  7:42  Viking  
  87  7:48  Viking  
  85  7:52  Hellion  
  85  7:55  Supply Depot  
  85  7:57  Hellion  
  89  8:00  Siege Tank  
  70  8:12  Viking  
  89  8:13  Hellion  
  89  8:18  Viking, Hellion  
  91  8:32  Siege Tank  
  91  8:33  Supply Depot  
  94  8:35  Hellion  
  96  8:42  Viking  
  96  8:44  Hellion  
  96  8:45  SCV x2  
  102  8:48  Viking  
  104  8:57  Infernal Pre-Igniter  
  104  8:59  Supply Depot  
  104  9:00  SCV  
  105  9:05  Siege Tank  
  108  9:11  Hellion  
  67  9:37  Hellion x2, Siege Tank  
  72  9:44  Barracks  
  72  9:56  Viking  
  72  9:57  Viking  
  72  9:59  Hellion x2  
  76  10:03  SCV  
  73  10:09  Siege Tank  
  73  10:10  Command Center  
  76  10:20  Hellion  
  78  10:26  Viking  
  78  10:27  Viking  
  82  10:41  Siege Tank  
  81  10:56  Viking  
  81  10:57  Viking  
  73  10:58  Hellion x2  
  73  11:00  SCV x2  
  73  11:01  Factory  
  73  11:02  Barracks Tech Lab  
  79  11:12  SCV  
  79  11:13  Siege Tank  
  79  11:14  Supply Depot  
  83  11:19  Hellion x2  
  83  11:21  Refinery  
  83  11:22  Refinery, Armory  
  83  11:24  SCV  
  83  11:25  Armory  
  88  11:26  Missile Turret, Armory  
  90  11:37  Missile Turret  
Show
View Real Time Build Order
Export as new Build Order

qualmy Terran 

Build Orders: Liberator Opening 

Get SALT Encoding   

  12  0:01  SCV  
  13  0:13  SCV  
  14  0:22  Supply Depot  
  14  0:29  SCV  
  14  0:31  Refinery  
  15  0:48  Barracks  
  15  0:49  SCV  
  16  0:58  Refinery  
  16  1:01  SCV  
  17  1:13  SCV  
  19  1:25  SCV  
  19  1:35  Reaper  
  19  1:38  Factory  
  20  1:40  SCV  
  21  1:50  Supply Depot  
  21  1:54  Orbital Command  
  21  2:09  Barracks Reactor  
  21  2:19  Factory  
  21  2:22  Factory Tech Lab  
  21  2:24  SCV  
  22  2:36  SCV  
  23  2:43  Siege Tank  
  26  2:46  Marine  
  26  2:47  Marine  
  26  2:48  SCV  
  29  3:01  SCV  
  29  3:03  Factory Tech Lab  
  29  3:04  Starport  
  30  3:13  SCV  
  31  3:24  Supply Depot  
  31  3:31  Liberator  
  31  3:35  Marine x2, Siege Tank  
  36  3:44  SCV  
  40  3:51  Engineering Bay  
  40  3:56  SCV  
  41  4:08  Marine x2  
  32  4:43  Marine x2, Siege Tank x2  
  32  4:44  SCV  
  40  4:53  Command Center  
  40  4:59  Missile Turret  
  40  5:01  Marine x2  
  40  5:02  SCV  
  43  5:17  Siege Tank  
  43  5:19  Marine x2  
  48  5:28  Supply Depot  
  45  5:52  Liberator  
  38  6:08  Marine, Siege Tank x2  
  38  6:09  Marine  
  38  6:10  SCV  
  47  6:13  Orbital Command  
  44  6:22  SCV  
  45  6:30  Refinery  
  45  6:32  Marine x2  
  47  6:34  SCV  
  48  6:42  SCV  
  48  6:46  SCV  
  50  6:54  SCV  
  51  6:58  SCV  
  50  7:11  SCV  
  51  7:22  Siege Tank  
  49  7:23  Siege Tank  
  44  7:54  Siege Tank  
  32  8:36  Orbital Command  
  32  8:38  SCV  
  33  8:49  Barracks Reactor  
  33  8:51  SCV  
  33  8:55  Refinery  
  34  9:03  SCV  
  34  9:07  SCV  
  36  9:19  SCV  
  36  9:31  SCV  
  36  9:33  Siege Tank  
  36  9:34  Marine x2  
  42  9:43  SCV  
  43  9:45  Viking  
  43  9:46  Viking  
  43  9:49  Command Center  
  43  9:52  Marine x2  
  49  9:56  SCV  
  53  10:08  SCV  
  53  10:10  Marine x2  
  50  10:17  Siege Tank  
  50  10:20  SCV  
  45  10:27  Marine x2  
  40  10:49  Siege Tank  
  40  11:01  Marine x2  
  42  11:08  Command Center  
  42  11:13  Orbital Command  
  42  11:14  Refinery  
  42  11:18  Marine  
  42  11:19  Marine  
  42  11:21  Bunker  
Tags
 
Add a new tag
Caveats
  • Supply blocks, unpowered buildings, or Contaminate may cause inaccurate times.
  • Supply counts are checked every 10 seconds.